 Dungeon Crawl Stone Soup version 0.30-a0-170-g85af917532 (webtiles) character file.

Game seed: 16149516037268565780

137 qw the Chopper (level 5, -1/32 HPs)
             Began as a Gargoyle Fighter on Oct 1, 2022.
             Slain by a kobold
             ... wielding a +0 short sword
              (4 damage)
             ... on level 3 of the Dungeon.
             The game lasted 00:00:46 (2334 turns).

qw the Chopper (Gargoyle Fighter)                   Turns: 2334, Time: 00:00:47

Health: -1/32      AC: 12    Str: 21    XL:     5   Next: 20%
Magic:  5/5        EV:  9    Int:  9    God:
Gold:   75         SH:  4    Dex:  9    Spells: 4/4 levels left

rFire   . . .      SeeInvis .    Y - +1 war axe (drain)
rCold   . . .      Faith    .    c - +0 buckler
rNeg    + . .      Spirit   .    b - +0 scale mail
rPois   inf        Reflect  .    (no helmet)
rElec   +          Harm     .    (no cloak)
rCorr   .          Rampage  .    f - +0 pair of gloves
Will    .....                    (no boots)
Stlth   ..........               (no amulet)
HPRegen 0.10/turn                (no ring)
MPRegen 0.09/turn                (no ring)

@: no status effects
A: sickness immunity, AC +4, negative energy resistance 1, electricity
resistance, torment resistance 1, petrification resistance
a: no special abilities


You were on level 3 of the Dungeon.
You visited 1 branch of the dungeon, and saw 3 of its levels.

You collected 75 gold pieces.


Innate Abilities, Weirdness & Mutations

You are immune to sickness and miasma.
Your stone body is resilient. (AC +4)
You are immune to poison.
You resist negative energy. (rN+)
You are resistant to electric shocks. (rElec)
You are resistant to unholy torment.
You are immune to petrification.


   Skills:
 - Level 3.2 Fighting
 + Level 4.5 Axes
 - Level 1.0 Throwing
 - Level 3.2 Armour
 - Level 3.2 Shields


You had 4 spell levels left.
You didn't know any spells.
Your spell library was empty.

Inventory:

Hand Weapons
 n - a +0 whip
 Y - a +1 war axe of draining (weapon)
Missiles
 i - 3 boomerangs
 k - 3 javelins (quivered)
Armour
 b - a +0 scale mail (worn)
 c - a +0 buckler (worn)
 f - a +0 pair of gloves (worn)
Potions
 d - a potion of might
 e - a potion of attraction {unknown}
 h - a potion of cancellation {unknown}
 l - a potion of curing {unknown}

Dungeon Overview and Level Annotations

Branches:
Dungeon (3/15)

Altars:

Shops:
D:2 (


Message History

The adder bites you but does no damage.
The gnoll hits you from afar with a +0 spear.
The adder closely misses you.
You closely miss the adder. The adder closely misses you.
The gnoll hits you from afar with a +0 spear.
The adder barely misses you.
The gnoll hits you from afar with a +0 spear.
You barely miss the adder.
A bat comes into view.
The adder barely misses you. You block the gnoll's attack.
A dart slug comes into view.
The adder barely misses you.
You hit the adder. You drain the adder.
The adder is severely wounded.
The gnoll closely misses you. The adder closely misses you.
You barely miss the adder.
The adder is severely wounded.
The adder bites you but does no damage. The gnoll barely misses you.
The bat barely misses you. The adder closely misses you.
The bat hits you but does no damage. You block the gnoll's attack.
You slash the adder!
You kill the adder!
You closely miss the bat. You block the bat's attack.
The kobold throws a stone.
The stone hits you but does no damage. The gnoll barely misses you.
The bat hits you but does no damage. The gnoll hits you with a +0 spear.
The kobold hits you but does no damage.
You see here an adder corpse.
You barely miss the gnoll. You barely miss the bat. You miss the kobold.
The bat hits you but does no damage. The kobold hits you but does no damage.
The gnoll hits you with a +0 spear.
The dart slug briefly extends its eye-stalks.
The bat misses you.
You slash the gnoll!
You kill the gnoll!
You closely miss the kobold. You closely miss the bat.
The bat barely misses you. The bat hits you but does no damage.
The kobold hits you with a +0 short sword.
You die...

#. #.. #.##.# .
..#.# ..###...#
......#.#
...#....######.#
#.....<%.......
##...).######.#
##...@#
##..bK.....>
##.w.......
..........
...........
....$..$....
##...........
#......)....


You could see a dart slug, a bat and a kobold.

Vanquished Creatures
  3 gnolls (D:3)
  6 adders
  A worm (D:2)
  5 dart slugs
  7 endoplasms
  4 giant cockroaches
  5 goblins
  2 hobgoblins
  2 kobolds
  2 quokkas (D:2)
  3 ball pythons
  5 bats
  4 frilled lizards
  6 rats
55 creatures vanquished.

Notes
Turn   | Place    | Note
-------+----------+-------------------------------------------
     0 | D:1      | qw the Gargoyle Fighter began the quest for the Orb.
     0 | D:1      | Reached XP level 1. HP: 14/14 MP: 1/1
     0 | D:1      | 0 ||| qw: Version: 0.2-a-13-gfc7b4b4
     0 | D:1      | 0 ||| qw: Game counter: 1736
     0 | D:1      | 0 ||| qw: Always use a shield: true
     0 | D:1      | 0 ||| qw: God list: Okawaru
     0 | D:1      | 0 ||| qw: Allow faded altars: false
     0 | D:1      | 0 ||| qw: Do Orc after D:15 true
     0 | D:1      | 0 ||| qw: Do second Lair branch before Depths: true
     0 | D:1      | 0 ||| qw: Lair rune preference: random
     0 | D:1      | 0 ||| qw: Plans: Normal, Zot:1-4, God:TSO, Crypt, Tomb,
                  | Pan, Slime:5, Hells, Abyss, Orb
     0 | D:1      | 0 ||| PLANNING D:1-11
    40 | D:1      | Reached skill level 2 in Axes
    51 | D:1      | Reached XP level 2. HP: 16/19 MP: 2/2
   425 | D:1      | Reached skill level 3 in Axes
   613 | D:1      | Reached XP level 3. HP: 21/23 MP: 3/3
   841 | D:1      | 841 ||| DROPPING +0 club.
   896 | D:1      | 896 ||| DROPPING ring of flight.
   897 | D:1      | 897 ||| READING scroll labelled QEUZYSS BOMYH JUI.
   898 | D:1      | 898 ||| READING scroll labelled MUBUOMU VEUSAITT.
   937 | D:2      | 937 ||| Stepping ~*~*~tactically~*~*~ (hiding).
  1229 | D:2      | Reached skill level 1 in Throwing
  1364 | D:2      | 1364 ||| Stepping ~*~*~tactically~*~*~ (stealth).
  1367 | D:2      | 1367 ||| Stepping ~*~*~tactically~*~*~ (stealth).
  1391 | D:2      | Reached XP level 4. HP: 11/28 MP: 4/4
  1755 | D:2      | 1755 ||| Stepping ~*~*~tactically~*~*~ (stealth).
  1773 | D:2      | Reached skill level 4 in Axes
  1969 | D:2      | Found Zofum's Weapon Emporium.
  1986 | D:2      | 1986 ||| SHOPLISTING +1 flail of pain (219 gold, have 75).
  1986 | D:2      | 1986 ||| SHOPLISTING +1 whip of electrocution (184 gold,
                  | have 75).
  2064 | D:2      | Found a faded altar of an unknown god.
  2280 | D:2      | 2280 ||| UPGRADING to +0 pair of gloves.
  2285 | D:2      | 2285 ||| READING scroll labelled UXZURO JACZO.
  2286 | D:2      | 2286 ||| READING scroll labelled TYTWUFR NELEAPS.
  2287 | D:2      | 2287 ||| READING scroll labelled ACUONECH ACWE.
  2288 | D:2      | 2288 ||| READING scroll labelled DOTAIT YLAHYGI.
  2289 | D:2      | 2289 ||| DRINKING 2 fizzy grey potions.
  2290 | D:2      | 2290 ||| DROPPING potion of magic.
  2312 | D:3      | 2312 ||| Stepping ~*~*~tactically~*~*~ (hiding).
  2314 | D:3      | 2314 ||| Stepping ~*~*~tactically~*~*~ (hiding).
  2316 | D:3      | 2316 ||| Stepping ~*~*~tactically~*~*~ (hiding).
  2322 | D:3      | Reached XP level 5. HP: 26/32 MP: 5/5
  2327 | D:3      | HP: 8/32 [gnoll/+0 spear (5)]
  2332 | D:3      | HP: 8/32 [gnoll/+0 spear (1)]
  2333 | D:3      | HP: 3/32 [gnoll/+0 spear (5)]
  2334 | D:3      | Slain by a kobold

Levels and vault maps discovered:
D:1:      minmay_arrival_shattered_statue, layout_loops_cross
D:2:      layout_loops_cross, shapermc_ecumenical_altar_mp_vishouse,
          serial_shops, nicolae_shop_bloodbath_and_beyond, moated_statue,
          minmay_increasing_density
D:3:      cheibrodos_fertilizer, layout_rooms, amcnicky_altar_gilded,
          hangedman_decor_growths, minmay_lizard_king

Skill      XL: |  1  2  3  4 |
---------------+-------------+-----
Axes           | 2 3 4 |  4.5
Throwing       | 1 |  1.0
Fighting       | |  3.2
Armour         | |  3.2
Shields        | |  3.2

Action                   |  1- 3 |  4- 6 || total
-------------------------+-------+-------++-------
Melee: War axe           |   101 |    51 ||   152
Throw: Javelin           |    15 |    15 ||    30
  Use: Scroll            |     2 |     4 ||     6
       Potion            |       |     1 ||     1
Armor: Scale mail        |    41 |    35 ||    76
Dodge: Dodged            |    45 |    24 ||    69
Block: Buckler           |    20 |     8 ||    28

Table legend:
 A = Non-vault XP
 B = Vault XP
 C = Vault XP percentage of total XP
 D = Non-vault monster count
 E = Vault monster count
 F = Vault count percentage of total count
                 A         B        C        D         E       F
            +---------+---------+-------+---------+---------+-------
      Total |     173 |      37 |  17.6 |      48 |       7 |  12.7
            +---------+---------+-------+---------+---------+-------
        D:1 |      42 |       0 |   0.0 |      21 |       0 |   0.0
        D:2 |      62 |      37 |  37.4 |      22 |       7 |  24.1
        D:3 |      69 |       0 |   0.0 |       5 |       0 |   0.0
            +---------+---------+-------+---------+---------+-------
